 Dungeon Crawl Stone Soup version 0.31.0-11-ge490571c62 (webtiles) character file.

Game seed: 88443602369824384

3717 Taurus the Cleaver (level 9, -4/78 HPs)
             Began as a Minotaur Fighter on Jan 29, 2024.
             Was an Elder of the Shining One.
             Slain by a gnoll sergeant
             ... wielding a +0 halberd
              (6 damage)
             ... in a bailey.
             The game lasted 00:17:29 (6268 turns).

Taurus the Cleaver (Minotaur Fighter)               Turns: 6268, Time: 00:17:31

Health: -4/78      AC: 16    Str: 25    XL:     9   Next: 92%
Magic:  8/8        EV:  8    Int:  5    God:    the Shining One [****..]
Gold:   362        SH:  5    Dex: 16    Spells: 8/8 levels left

rFire   + + .        a - +5 war axe
rCold   . . .        c - +0 buckler
rNeg    + + .        x - +0 plate armour {rF+}
rPois   .            (helmet restricted)
rElec   .            b - +2 cloak
rCorr   .            (no gloves)
SInv    .            (no boots)
Will    .....        (no amulet) Stlth
                     v - +6 ring of dexterity
HPRegen 0.33/turn    w - ring of protection from fire
MPRegen 0.11/turn

%: no passive effects
@: weakened, glowing
A: horns 2, retaliatory headbutt
a: Renounce Religion, Divine Shield, Cleansing Flame


You were in a bailey.
You worshipped the Shining One.
The Shining One was greatly pleased with you.
You visited 2 branches of the dungeon, and saw 8 of its levels.
You also visited: Ossuary and Bailey.

You collected 362 gold pieces.

Inventory:

Hand Weapons
 a - a +5 war axe (weapon)
Missiles
 t - 4 throwing nets (quivered)
Armour
 b - a +2 cloak (worn)
 c - a +0 buckler (worn)
 x - a +0 plate armour of fire resistance (worn)
Jewellery
 v - a +6 ring of dexterity (left hand)
 w - a ring of protection from fire (right hand)
 z - a ring of poison resistance
Wands
 k - a wand of polymorph (6)
 p - a wand of light (21)
Scrolls
 e - 5 scrolls of teleportation
 f - 2 scrolls of blinking {unknown}
 g - a scroll of revelation
 j - 3 scrolls of immolation {unknown}
 l - a scroll of identify
 m - 2 scrolls of fear {unknown}
 r - 2 scrolls of fog {unknown}
 s - a scroll of enchant armour
 y - a scroll of enchant weapon
 B - 2 scrolls of poison
 C - 3 scrolls of amnesia {unknown}
Potions
 d - 2 potions of might
 h - 2 potions of magic {unknown}
 i - a potion of degeneration {unknown}
 n - 4 potions of enlightenment {unknown}
 o - 3 potions of invisibility {unknown}
 q - 3 potions of heal wounds {unknown}
 u - a potion of brilliance {unknown}
 A - a potion of lignification {unknown}


   Skills:
 + Level 6.4 Fighting
 * Level 14.0 Axes
 + Level 7.6 Armour
 + Level 2.8 Dodging
 + Level 4.6 Shields


You had 8 spell levels left.
You didn't know any spells.
Your spell library contained the following spells:

 Spells                   Type           Power      Damage    Failure   Level
 Apportation              Tloc           0%         N/A       100%        1
 Necrotise                Necr           0%         1d4       100%        1
 Sting                    Conj/Alch      0%         1d3       100%        1
 Summon Small Mammal      Summ           0%         N/A       100%        1
 Inner Flame              Hex/Fire       0%         N/A       100%        3
 Tukima's Dance           Hex            0%         N/A       100%        3
 Flame Wave               Conj/Fire      0%         2d4       100%        4
 Passage of Golubria      Tloc           0%         N/A       100%        4
 Sticky Flame             Fire/Alch      0%         2d4       100%        4
 Summon Blazeheart Golem  Fire/Summ      0%         N/A       100%        4
 Yara's Violent Unravell  Hex/Alch       0%         3d3       100%        5
 Orb of Destruction       Conj           0%         9d5       100%        7
 Spellforged Servitor     Conj/Summ      0%         N/A       100%        7


Dungeon Overview and Level Annotations

Branches:
Dungeon (7/15)             Temple (1/1) D:6         Ossuary (visited)
 Bailey (1/1)

Altars:
Cheibriados
Elyvilon
Fedhas
Gozag
Hepliaklqana
Kikubaaqudgha
Nemelex Xobeh
Sif Muna
Vehumet
Wu Jian
Xom
Yredelemnul
Zin
The Shining One

Shops:
D:1 !   D:2 :   D:4 ?


Innate Abilities, Weirdness & Mutations

You have a pair of horns on your head.
You reflexively headbutt those who attack you in melee.


Message History

You hit the gnoll sergeant but do no damage.
The gnoll sergeant is moderately wounded.
You slash the gnoll sergeant!
The gnoll sergeant hits you with a +0 glaive.
The gnoll sergeant hits you with a +0 halberd!
The gnoll bouda hits you from afar with a +0 halberd!
The gnoll hits you but does no damage.
You are too injured to fight recklessly!
You are too injured to fight recklessly!
You are too injured to fight recklessly!
You are too injured to fight recklessly!
You hit the gnoll sergeant but do no damage.
You headbutt the gnoll sergeant.
The gnoll sergeant is heavily wounded.
You barely miss the gnoll sergeant. The gnoll sergeant barely misses you.
The gnoll sergeant hits you with a +0 halberd.
* * * LOW HITPOINT WARNING * * *
You hit the gnoll sergeant.
You headbutt the gnoll sergeant, but do no damage.
The gnoll sergeant is severely wounded.
You hit the gnoll sergeant.
The gnoll bouda hits you from afar with a +0 halberd.
* * * LOW HITPOINT WARNING * * *
You block the gnoll's attack. The gnoll sergeant barely misses you.
The gnoll sergeant hits you with a +0 halberd!
* * * LOW HITPOINT WARNING * * *
You hit the gnoll sergeant but do no damage.
You headbutt the gnoll sergeant, but do no damage.
The gnoll sergeant is severely wounded.
You completely miss the gnoll sergeant.
Your attacks no longer feel as feeble.
The gnoll bouda gazes fiercely through you!
You feel your attacks grow feeble.
The gnoll bouda hits you from afar with a +0 halberd.
* * * LOW HITPOINT WARNING * * *
You block the gnoll's attack.
The gnoll sergeant hits you with a +0 glaive.
* * * LOW HITPOINT WARNING * * *
The gnoll sergeant hits you with a +0 halberd.
You die...

♣♣≈≈.. ♣.≈..# ♣♣.≈..#
♣..≈..# ♣..≈..# ####
♣♣..≈..# #...##
♣♣...≈..######.....#
#♣♣♣....)..')..#g..$...
#∩..∩..†)..'...@gg.8...
#♣♣♣.......'...#)g.$...
♣♣...≈..######.....#
♣...≈..# #...##
♣...≈..# #### ♣♣..≈..#
♣♣.≈..# ♣.≈..###
♣♣≈≈...#


You could see 2 gnoll sergeants, a gnoll bouda and a gnoll (swift).

Vanquished Creatures
  Pikel (D:6)
  Maggie (D:6)
  Menkaure (D:6)
  A water moccasin (D:5)
  2 ice beasts (D:6)
  A black bear (D:6)
  An ogre (D:5)
  A centaur (D:7)
  2 phantoms (D:5)
  A lemure (D:6)
  4 elf zombies (Ossuary)
  A gnoll sergeant (D:5)
  A kobold brigand (D:6)
  4 scorpions
  5 wights (D:6)
  3 human zombies (Ossuary)
  4 bombardier beetles
  A spectral scorpion (Ossuary)
  An orc priest (D:3)
  4 hounds
  Jessica (D:3)
  3 iguanas
  6 orc wizards
  2 spectral hounds (Ossuary)
  2 crocodile zombies (Ossuary)
  4 mummies
  20 gnolls
  12 adders
  3 hound simulacra (Ossuary)
  4 spectral adders (Ossuary)
  A spectral gnoll (Ossuary)
  2 dart slugs
  2 ribbon worms
  19 orcs
  6 endoplasms
  4 giant cockroaches
  11 goblins
  10 hobgoblins
  5 quokkas
  5 ball pythons
  6 bats
  5 frilled lizards
  A gnoll simulacrum (Ossuary)
  9 gnoll zombies (Ossuary)
  6 jackal simulacra (Ossuary)
  10 kobolds
  2 kobold zombies (Ossuary)
  5 orc zombies (Ossuary)
  4 rats
  A spectral hobgoblin (D:4)
  2 spectral jackals (Ossuary)
213 creatures vanquished.

Notes
Turn   | Place    | Note
-------+----------+-------------------------------------------
     0 | D:1      | Taurus the Minotaur Fighter began the quest for the Orb.
     0 | D:1      | Reached XP level 1. HP: 19/19 MP: 0/0
    40 | D:1      | Found a faded altar of an unknown god.
    72 | D:1      | Found Ofism's Distillery.
   156 | D:1      | Reached XP level 2. HP: 27/27 MP: 1/1
   558 | D:2      | Found Haropapn's Book Shoppe.
   570 | D:2      | Reached skill level 3 in Axes
   570 | D:2      | Reached XP level 3. HP: 34/34 MP: 2/2
   769 | D:2      | Reached XP level 4. HP: 41/41 MP: 3/3
  1144 | D:3      | Reached skill level 4 in Axes
  1220 | D:3      | Reached skill level 1 in Dodging
  1293 | D:3      | Noticed Jessica
  1294 | D:3      | Reached XP level 5. HP: 47/47 MP: 4/4
  1312 | D:3      | Killed Jessica
  1313 | D:3      | Reached skill level 5 in Axes
  1532 | D:4      | Found Zumor's Magic Scroll Shoppe.
  1587 | D:4      | Found a white marble altar of Elyvilon.
  1609 | D:4      | Reached skill level 6 in Axes
  1609 | D:4      | Reached XP level 6. HP: 37/53 MP: 5/5
  1860 | D:4      | Found an ancient bone altar of Kikubaaqudgha.
  1861 | D:4      | Found a blossoming altar of Fedhas.
  1968 | D:4      | Found a hazy altar of Hepliaklqana.
  2568 | D:4      | Reached skill level 7 in Axes
  2568 | D:4      | Reached skill level 5 in Armour
  2568 | D:4      | Reached XP level 7. HP: 58/60 MP: 6/6
  3104 | D:5      | Entered Level 5 of the Dungeon
  3212 | D:5      | Reached skill level 5 in Fighting
  3503 | D:5      | Reached skill level 8 in Axes
  3749 | D:5      | Reached skill level 9 in Axes
  3749 | D:5      | Reached XP level 8. HP: 40/68 MP: 7/7
  4462 | D:6      | Noticed Pikel
  4473 | D:6      | Killed Pikel
  4474 | D:6      | Reached skill level 10 in Axes
  4503 | D:6      | Noticed Menkaure
  4516 | D:6      | Killed Menkaure
  4739 | D:6      | Reached skill level 11 in Axes
  4812 | D:6      | Noticed Maggie
  4820 | D:6      | Killed Maggie
  4821 | D:6      | Reached XP level 9. HP: 61/75 MP: 8/8
  4965 | D:6      | Reached skill level 12 in Axes
  5302 | D:6      | Found a staircase to the Ecumenical Temple.
  5308 | Temple   | Entered the Ecumenical Temple
  5323 | Temple   | Became a worshipper of the Shining One
  5663 | D:7      | Found a sand-covered staircase.
  5671 | Ossuary  | Entered an ossuary
  5753 | Ossuary  | Reached * piety under the Shining One
  5777 | Ossuary  | Reached ** piety under the Shining One
  5802 | Ossuary  | Reached skill level 13 in Axes
  5896 | Ossuary  | Reached *** piety under the Shining One
  5948 | Ossuary  | Reached **** piety under the Shining One
  6158 | D:7      | Found a flagged portal.
  6167 | Bailey   | Entered a bailey
  6172 | Bailey   | Reached skill level 14 in Axes
  6268 | Bailey   | HP: 2/78 [gnoll sergeant/+0 glaive (6)]
  6268 | Bailey   | Slain by a gnoll sergeant

Illustrated notes

Levels and vault maps discovered:
D:1:      mrwooster_arrival_arrow, layout_rooms, serial_shops, shop,
          chequers_ecumenical_altar_grove, grunt_decor_resistance,
          minmay_misc_feat_square, st_stairs_12
D:2:      layout_rooms, serial_shops, shop, feat_on_display
D:3:      layout_basic, uniq_jessica
D:4:      layout_gridville, grunt_temple_overflow_growth_and_decay,
          amcnicky_altar_gilded, nicolae_hepliaklqana_monster_ancestors,
          serial_shops, nicolae_square_shop
D:5:      layout_gridville
D:6:      layout_loops_ring, minmay_temple_entry_hall, uniq_menkaure,
          uniq_pikel, uniq_maggie
D:7:      layout_basic, gup_ossuary_entry_pyramid, enter_bailey_3,
          kennysheep_generic_room_7, uniq_jeremiah
Temple:   eino_wide_crystal_templ
Bailey:   bailey_polearm_gnolls_kennysheep, bailey

Skill      XL: |  1  2  3  4  5  6  7  8  9 |
---------------+----------------------------+-----
Fighting       | 4 5 6 |  6.4
Armour         | 4 5 7 |  7.6
Axes           | 3 4 6 7 9 11 14 | 14.0
Dodging        | 1 2 |  2.8
Shields        | 4 |  4.6

Action                     |  1- 3 |  4- 6 |  7- 9 || total
---------------------------+-------+-------+-------++-------
  Melee: War axe           |    65 |   125 |   231 ||   421
         Headbutt          |     5 |     9 |    52 ||    66
    Use: Scroll            |       |       |     5 ||     5
 Armour: Scale mail        |    41 |    59 |    36 ||   136
         Plate armour      |       |       |   123 ||   123
  Dodge: Dodged            |    34 |    51 |    89 ||   174
  Block: Buckler           |    12 |    21 |    38 ||    71
